 Dungeon Crawl Stone Soup version 0.27-a0-1245-g940ed4fa31 (webtiles) character file.

Game seed: 7379362731001345302

93 polve the Cutter (level 4, -5/35 HPs)
             Began as a Demonspawn Abyssal Knight on June 9, 2021.
             Was a Follower of Lugonu.
             Killed by nerve-wracking pain
             ... invoked by an orc priest
              (9 damage)
             ... on level 3 of the Dungeon.
             The game lasted 00:02:22 (3508 turns).

polve the Cutter (Demonspawn Abyssal Knight)        Turns: 3508, Time: 00:02:22

Health: -5/35      AC: 10    Str: 13    XL:     4   Next: 36%
Magic:  5/5        EV:  3    Int: 16    God:    Lugonu [*.....]
Gold:   92         SH:  0    Dex: 12    Spells: 3/3 levels left

rFire    . . .     SeeInvis .   b - +0 short sword (venom)
rCold    . . .     Faith    .   (no shield)
rNeg     . . .     Spirit   .   f - +0 plate armour
rPois    .         Reflect  .   (helmet restricted)
rElec    .         Harm     .   (no cloak)
rCorr    .         Rampage  .   (no gloves)
Will     .....                  (no boots)
Stlth    ..........             (no amulet)
HPRegen  0.11/turn              (no ring)
MPRegen  0.09/turn              (no ring)

@: no status effects
A: antennae 1, big brain 1
a: Renounce Religion, Depart the Abyss


You were on level 3 of the Dungeon.
You worshipped Lugonu.
Lugonu was aware of your devotion.
You visited 1 branch of the dungeon, and saw 3 of its levels.
You visited the Abyss 1 time.

You collected 92 gold pieces.

Inventory:

Hand Weapons
 a - a +0 rapier
 b - a +0 short sword of venom (weapon)
Armour
 f - a +0 plate armour (worn)
Scrolls
 c - 5 scrolls of identify {unknown}
 d - a scroll of amnesia {unknown}
 e - a scroll of teleportation {unknown}
 i - a scroll of vulnerability {unknown}
Potions
 g - a potion of might {unknown}
 h - a potion of lignification {unknown}


   Skills:
 + Level 3.1 Fighting
 - Level 4.0 Short Blades
 * Level 2.0 Armour
 + Level 1.1 Dodging
 - Level 2.4 Invocations


You had 3 spell levels left.
You didn't know any spells.
Your spell library contained the following spells:

 Spells                   Type           Power      Damage    Failure   Level
 Animate Skeleton         Necr           0%         N/A       100%        1
 Pain                     Necr           0%         1d4       100%        1
 Vampiric Draining        Necr           0%         2d6       100%        3
 Animate Dead             Necr           0%         N/A       100%        4
 Agony                    Necr           0%         N/A       100%        5


Dungeon Overview and Level Annotations

Branches:
Dungeon (3/15)

Altars:

Shops:
D:1 ?


Innate Abilities, Weirdness & Mutations

You have a pair of small antennae on your head.
You have an unusually large brain. (Int +2)


Message History

The orc throws a boomerang.
The boomerang hits you. The orc hits you with a +0 dagger.
* * * LOW HITPOINT WARNING * * *
You closely miss the orc. The orc hits you but does no damage.
Your plate armour prevents you from hitting the orc.
The orc hits you with a +0 dagger.
* * * LOW HITPOINT WARNING * * *
You hit the orc.
The orc is almost dead.
The orc hits you but does no damage.
You closely miss the orc.
The orc is almost dead.
The orc hits you but does no damage.
You closely miss the orc.
The orc is almost dead.
The orc hits you but does no damage.
You hit the orc.
You kill the orc!
Lugonu accepts your kill.
You hit the ball python.
You kill the ball python!
Lugonu accepts your kill.
Things that are here:
a +0 dagger; 4 boomerangs The orc priest begins to cast a cantrip, but forgets the words!
The orc priest invokes the aid of Beogh against you.
You barely resist.
The adder hisses angrily.
The orc priest mumbles some strange prayers to Beogh against you.
Pain shoots through your body!
* * * LOW HITPOINT WARNING * * *
Your plate armour prevents you from hitting the adder.
The adder bites you.
* * * LOW HITPOINT WARNING * * *
You closely miss the adder. The adder completely misses you.
The adder bites you but does no damage. x2
The adder barely misses you.
The orc priest mumbles some strange prayers to Beogh against you.
Pain shoots through your body!
You die...

###...#.# #.# #.
##.......# #.# #.
#........# #.# #.
#........#
#.########.
#.##...###
#......o).. #.##...#
#..########
#.###.#######..#
#.###..o.......#####
#.##..@So...........#
#.###.####....#####.#
#.# #.# #....##
#.###.####...#...
#........##.##.##
#........##.##.#
#..[.....##.##.#
#........##.##.#
#........##.##<#


You could see 2 orc priests and an adder.

Vanquished Creatures
  3 adders (D:2)
  A white imp (D:2)
  2 worms (D:2)
  3 dart slugs
  An orc (D:3)
  4 ball pythons
  6 endoplasms
  3 giant cockroaches
  4 goblins
  4 hobgoblins
  2 kobolds
  2 quokkas
  4 bats
  A frilled lizard (D:1)
  5 rats
45 creatures vanquished.

Notes
Turn   | Place    | Note
-------+----------+-------------------------------------------
     0 | Abyss:1  | polve the Demonspawn Abyssal Knight began the quest for the
                  | Orb.
     0 | Abyss:1  | Reached XP level 1. HP: 18/18 MP: 2/2
    32 | Abyss:1  | Noticed an orange demon
    33 | D:1      | Escaped the Abyss
    88 | D:1      | Found a faded altar of an unknown god.
    93 | D:1      | Reached skill level 2 in Short Blades
   221 | D:1      | Gained mutation: You have a pair of small antennae on your
                  | head. [demonic ancestry]
   221 | D:1      | Reached XP level 2. HP: 20/24 MP: 3/3
   374 | D:1      | Found Vucacen's Magic Scroll Shoppe.
   784 | D:1      | Reached * piety under Lugonu
  1136 | D:2      | Reached skill level 3 in Short Blades
  1152 | D:2      | Reached XP level 3. HP: 5/29 MP: 4/4
  2843 | D:2      | Reached skill level 4 in Short Blades
  2843 | D:2      | Gained mutation: You have an unusually large brain. (Int
                  | +2) [demonic ancestry]
  2843 | D:2      | Reached XP level 4. HP: 5/35 MP: 5/5
  3125 | D:2      | Reached skill level 1 in Dodging
  3508 | D:3      | Killed from afar by an orc priest

Illustrated notes

Levels and vault maps discovered:
D:1:      lightli_arrival_lavapool, layout_basic, ebering_ecumenical_altar_hall,
          serial_shops, nicolae_shop_temple_entry_statues_fountains
D:2:      layout_basic
D:3:      layout_loops_ring, gammafunk_ghost_nasty_kobolds,
          cheibrodos_sewer_entry_sluice, minmay_lizard_king

Skill      XL: |  1  2  3  4 |
---------------+-------------+-----
Short Blades   | 2 3 4 |  4.0
Dodging        | 1 |  1.1
Armour         | 2 |  2.0
Fighting       | |  3.1
Invocations    | |  2.4

Action                   |  1- 3 |  4- 6 || total
-------------------------+-------+-------++-------
Melee: Short sword       |    93 |    20 ||   113
       Rapier            |    65 |    19 ||    84
Invok: Depart the Abyss  |     1 |       ||     1
  Use: Potion            |     1 |       ||     1
Armor: Leather armour    |    18 |       ||    18
       Plate armour      |    56 |    27 ||    83
Dodge: Dodged            |    64 |     7 ||    71

Table legend: (Time is in decaauts)
 A = Elapsed time spent in this place.
 B = Non-inter-level travel time spent in this place.
 C = Inter-level travel time spent in this place.
 D = Time resting spent in this place.
 E = Time spent auto-exploring this place.
 F = Levels seen in this place.
 G = Mean time per level.
                   A        B        C        D        E       F      G
               +--------+--------+--------+--------+--------+-----+--------+
         Total |   3501 |   3378 |    123 |      0 |   2912 |   4 |  875.2 |
       Dungeon |   3468 |   3345 |    123 |      0 |   2880 |   3 | 1156.0 |
         Abyss |     33 |     33 |      0 |      0 |     32 |   1 |   33.0 |
               +--------+--------+--------+--------+--------+-----+--------+

Top non-repeatable levels by time:
     D:2: 2110 daAuts
     D:1: 1071 daAuts
     D:3: 287 daAuts
 Abyss:1: 33 daAuts
